 Dungeon Crawl Stone Soup version 0.21.1-1-g345015f (webtiles) character file.

147 cultivahabas the Cudgeler (level 5, -6/53 HPs)
             Began as a Troll Chaos Knight on May 5, 2018.
             Mangled by PeterLawrence's ghost (10 damage)
             ... on level 3 of the Dungeon.
             The game lasted 00:06:16 (2402 turns).

cultivahabas the Cudgeler (Troll Chaos Knight)      Turns: 2402, Time: 00:06:17

Health: -6/53      AC:  7    Str: 20    XL:     5   Next: 7%
Magic:  4/4        EV: 10    Int:  9    God:    Xom [....*.]
Gold:   157        SH:  0    Dex:  9    Spells: 4/4 levels left

rFire    . . .     SeeInvis .   a - +0 mace (chaos)
rCold    . . .     Gourm    +   (no shield)
rNeg     . . .     Faith    .   b - +2 robe
rPois    .         Spirit   .   (helmet restricted)
rElec    .         Reflect  .   (no cloak)
rCorr    .         Harm     .   (gloves unavailable)
MR       .....                  (boots unavailable)
Stlth    +.........             (no amulet)
HPRegen  0.57/turn              (no ring)
MPRegen  0.09/turn              (no ring)

@: no status effects
A: large, unfitting armour, claws 3, fast metabolism 3, gourmand, regeneration
1, shaggy fur 1, tough skin 2
a: Renounce Religion


You were on level 3 of the Dungeon.
You worshipped Xom.
You were a beloved toy of Xom.
You were completely stuffed.

You visited 1 branch of the dungeon, and saw 3 of its levels.

You collected 157 gold pieces.

Inventory:

Hand Weapons
 a - a +0 mace of chaos (weapon)
 n - a +3 quarterstaff of chaos
Armour
 b - a +2 robe (worn)
 o - a +1 cloak of magic resistance
Jewellery
 i - an uncursed amulet of guardian spirit {unknown}
Wands
 s - a wand of polymorph (15)
 v - a wand of digging (1)
Scrolls
 f - a scroll of enchant weapon {unknown}
 g - 2 scrolls of identify {unknown}
 k - 3 scrolls of teleportation {unknown}
 l - 2 scrolls of blinking {unknown}
 r - 3 scrolls of fog {unknown}
 t - a scroll of magic mapping {unknown}
Potions
 d - 2 potions of brilliance {unknown}
 e - a potion of ambrosia {unknown}
 h - a potion of resistance {unknown}
 j - a potion of heal wounds {unknown}
 m - a potion of flight {unknown}
 p - 4 potions of haste {unknown}
 q - a potion of mutation {unknown}
Comestibles
 c - 4 rations
 u - 6 chunks of flesh


   Skills:
 + Level 3.3 Fighting
 * Level 4.6 Maces & Flails
 - Level 1.9 Dodging


You had 4 spell levels left.
You didn't know any spells.

Dungeon Overview and Level Annotations

Branches:
Dungeon (3/15)

Altars:

Annotations:
D:3 PeterLawrence's ghost, amateur MiFi


Innate Abilities, Weirdness & Mutations

You are too large for most types of armour.
You have claws for hands.
Your metabolism is lightning-fast.
You like to eat raw meat.
Your natural rate of healing is unusually fast.
You are covered in fur. (AC +1)
You have very tough skin. (AC +2)


Message History

You hit PeterLawrence's ghost.
PeterLawrence's ghost spins around.
PeterLawrence's ghost is moderately damaged.
PeterLawrence's ghost hits you.
You hit PeterLawrence's ghost.
PeterLawrence's ghost is heavily damaged.
PeterLawrence's ghost hits you!
PeterLawrence's ghost closely misses you.
You hit PeterLawrence's ghost but do no damage.
PeterLawrence's ghost seems to speed up.
Xom is amused.
PeterLawrence's ghost is heavily damaged.
PeterLawrence's ghost hits you!
* * * LOW HITPOINT WARNING * * *
You hit PeterLawrence's ghost. You burn PeterLawrence's ghost.
PeterLawrence's ghost is severely damaged.
PeterLawrence's ghost misses you. PeterLawrence's ghost hits you!
* * * LOW HITPOINT WARNING * * *
PeterLawrence's ghost hits you!
You die...
Xom giggles madly!

# #.##.#.. . #.##.... #
#.##.#... # #.##.#.... #
#.##.# ... ## # ##.#
.####.####..##. ##..#
.....b......... ##...#
##W# #..#.########@.#
###....#........###.(.
#....###...............
##.##.###.......####....
##........>.....# ..
.....<......<...#
#.......).......#
............#####
..>.........#


You could see PeterLawrence's ghost.

Vanquished Creatures
  Crazy Yiuf (D:2)
  Ijyb (D:3)
  Terence (D:2)
  2 adders
  An ooze (D:1)
  2 leopard geckos (D:2)
  An orc (D:3)
  7 giant cockroaches
  2 goblins (D:3)
  5 hobgoblins
  2 quokkas
  3 bats
  5 frilled lizards
  6 kobolds
  4 rats
  3 fungi (D:2)
46 creatures vanquished.

Vanquished Creatures (collateral kills)
  A worm (D:2)
1 creature vanquished.

Grand Total: 47 creatures vanquished

Notes
Turn   | Place    | Note
-------+----------+-------------------------------------------
     0 | D:1      | cultivahabas the Troll Chaos Knight began the quest for the Orb.
     0 | D:1      | Reached XP level 1. HP: 22/22 MP: 0/0
    59 | D:1      | Reached skill level 3 in Maces & Flails
   416 | D:1      | Reached XP level 2. HP: 25/29 MP: 1/1
   518 | D:1      | XOM: divination: magic mapping
   838 | D:2      | Noticed Terence
   848 | D:2      | XOM: potion effect (agility)
   850 | D:2      | XOM: potion effect (invisibility)
   873 | D:2      | Killed Terence
   873 | D:2      | Reached XP level 3. HP: 36/36 MP: 2/2
   940 | D:2      | XOM: god gift: 24 gold pieces
   978 | D:2      | XOM: 2-stop teleportation journey
  1114 | D:2      | XOM: cloud trail
  1242 | D:2      | Found a runed door.
  1332 | D:2      | Noticed Crazy Yiuf
  1337 | D:2      | Killed Crazy Yiuf
  1337 | D:2      | Reached skill level 4 in Maces & Flails
  1337 | D:2      | Reached XP level 4. HP: 45/45 MP: 3/3
  1450 | D:2      | XOM: noise
  1941 | D:2      | Found a faded altar of an unknown god.
  2099 | D:2      | XOM: divination: detect creatures
  2292 | D:3      | Noticed Ijyb
  2305 | D:3      | Killed Ijyb
  2305 | D:3      | Reached XP level 5. HP: 53/53 MP: 4/4
  2359 | D:3      | Noticed PeterLawrence's ghost (amateur MiFi)
  2402 | D:3      | Mangled by PeterLawrence's ghost

Skill      XL: |  1  2  3 |
---------------+----------+-----
Maces & Flails | 3 4 |  4.6
Fighting       | 3 |  3.3
Dodging        | |  1.9

Action                   |  1- 3 |  4- 6 || total
-------------------------+-------+-------++-------
Melee: Mace              |   101 |    78 ||   179
 Stab: Invisible         |     1 |       ||     1
  Eat: Chunk             |    17 |    11 ||    28
Armor: Robe              |    44 |    32 ||    76
Dodge: Dodged            |    66 |    39 ||   105
